AoeStats
← Ronny

Arena

508328363Analyzed
3v3 RM · 11d ago on Sep 22, 2026· 49m 3s· 6 players
Game mode
Random Map
Map size
Normal (6 player)
Population
200
Speed
Normal
Resources
Standard
Victory
Conquest
Starting age
Dark Age
Ending age
Imperial Age
RankedLock teamsTeams togetherTeam positionsShared explorationLock speedFull tech treeHidden civsTurbo modeCheats
Victory
Defeat
🇨🇱 Hindustanis · Chile
1081
+18
🇲🇽 Dravidians · Mexico
1078
+19
🇧🇴 Bohemians · Bolivia
1070
+19
🇪🇸 Cumans · Spain
1248
-24
🇺🇸 Magyars · United States
1098
-17
🇪🇸 Saracens · Spain
1057
-15
Quimimoshly06
9:04 Loom
11:09 Feudal Age
11:49 Town Watch
15:20 Castle Age
18:56 Double-Bit Axe
24:20 Bow Saw
23:54 Horse Collar
27:24 Wheelbarrow
31:23 Gold Mining
31:23 Stone Mining
37:37 Imperial Age
35:26 Hand Cart
35:39 Squires
35:00 Pikeman
35:28 Arson
35:56 Forging
35:47 Scale Mail Armor
38:36 Iron Casting
38:17 Chain Mail Armor
37:42 Halberdier
38:45 Wootz Steel
38:46 Conscription
40:19 Blast Furnace
40:44 Plate Mail Armor
40:05 Fletching
40:18 Padded Archer Armor
41:17 Gambesons
42:55 Two-Man Saw
42:28 Man-at-Arms
42:33 Elite Urumi Swordsman
44:16 Hoardings
43:03 Long Swordsman
44:10 Bodkin Arrow
43:39 Two-Handed Swordsman
45:09 Ballistics
45:50 Chemistry
45:58 Town Patrol
45:57 Champion
47:00 Bracer
PepoDGrizzly
9:18 Feudal Age
9:52 Double-Bit Axe
16:14 Castle Age
14:33 Gold Mining
15:57 Horse Collar
17:30 Bow Saw
17:23 Heavy Plow
17:38 Loom
24:03 Scale Mail Armor
25:33 Forging
25:56 Squires
25:41 Arson
25:49 Town Watch
28:34 Wheelbarrow
30:49 Gold Shaft Mining
30:04 Stone Mining
33:16 Iron Casting
32:57 Chain Mail Armor
32:21 Elite Skirmisher
35:38 Imperial Age
33:50 Thumb Ring
33:37 Fletching
35:19 Bodkin Arrow
35:24 Padded Archer Armor
36:07 Hand Cart
36:57 Ballistics
37:38 Chemistry
36:41 Bracer
37:35 Leather Archer Armor
38:54 Illumination
39:57 Two-Man Saw
39:34 Conscription
40:34 Shatagni
41:29 Ring Archer Armor
43:51 Blast Furnace
42:57 Scale Barding Armor
42:14 Light Cavalry
43:05 Bloodlines
42:57 Husbandry
43:10 Hussar
45:57 Chain Barding Armor
MonocromaticPhox
5:09 Loom
11:15 Feudal Age
11:54 Double-Bit Axe
11:49 Horse Collar
18:28 Castle Age
18:00 Wheelbarrow
17:55 Fletching
19:17 Pikeman
20:59 Bow Saw
20:59 Town Watch
21:28 Fervor
22:36 Squires
23:49 Elite Skirmisher
26:37 Crossbowman
32:19 Imperial Age
31:20 Chemistry
30:33 Heavy Plow
30:44 Bodkin Arrow
32:19 Hand Cart
32:40 Ballistics
32:22 Padded Archer Armor
33:35 Bracer
34:21 Conscription
35:01 Siege Engineers
36:06 Two-Man Saw
36:50 Murder Holes
36:23 Halberdier
37:46 Wagenburg Tactics
38:12 Leather Archer Armor
37:59 Scale Mail Armor
37:51 Treadmill Crane
39:42 Ring Archer Armor
39:53 Chain Mail Armor
39:49 Forging
39:51 Masonry
41:39 Plate Mail Armor
41:44 Iron Casting
41:56 Architecture
43:09 Arson
43:59 Town Patrol
43:34 Arbalester
43:54 Houfnice
46:30 Blast Furnace
45:43 Fortified Wall
TuSaiyajin
9:51 Feudal Age
11:24 Double-Bit Axe
18:54 Castle Age
16:43 Horse Collar
19:51 Bloodlines
22:40 Wheelbarrow
23:40 Crossbowman
29:23 Bow Saw
29:41 Thumb Ring
32:39 Imperial Age
30:28 Corvinian Army
31:27 Ballistics
30:34 Light Cavalry
31:14 Loom
32:29 Scale Barding Armor
33:00 Heavy Plow
33:35 Gold Mining
34:39 Conscription
35:02 Chain Barding Armor
35:21 Hand Cart
35:12 Padded Archer Armor
35:15 Arbalester
36:27 Thumb Ring
36:22 Town Watch
38:06 Two-Man Saw
37:02 Fletching
37:27 Leather Archer Armor
37:12 Hussar
38:29 Husbandry
39:09 Crop Rotation
38:57 Capped Ram
41:41 Gold Shaft Mining
40:57 Stone Mining
41:45 Plate Barding Armor
41:06 Bodkin Arrow
41:42 Ring Archer Armor
45:55 Cavalier
Ronny
10:47 Feudal Age
11:24 Man-at-Arms
24:07 Castle Age
22:15 Double-Bit Axe
23:48 Gold Mining
23:41 Horse Collar
25:07 Wheelbarrow
24:16 Long Swordsman
26:01 Forging
33:55 Imperial Age
31:44 Hand Cart
31:15 Loom
32:56 Scale Mail Armor
33:08 Town Watch
34:57 Heavy Plow
35:10 Bow Saw
35:57 Iron Casting
34:44 Two-Handed Swordsman
36:23 Bloodlines
36:25 Scale Barding Armor
36:18 Stone Mining
37:24 Squires
37:43 Chain Mail Armor
38:00 Cavalier
39:07 Capped Ram
41:28 Chain Barding Armor
43:03 Champion
46:28 Plate Mail Armor
Charls
9:41 Feudal Age
10:08 Horse Collar
10:34 Double-Bit Axe
18:19 Castle Age
17:04 Stone Mining
17:56 Wheelbarrow
24:01 Hand Cart
25:45 Bow Saw
25:37 Heavy Plow
25:32 Gold Mining
30:41 Imperial Age
27:59 Town Watch
28:01 Loom
29:50 Scale Barding Armor
29:56 Forging
30:29 Gold Shaft Mining
29:37 Treadmill Crane
30:42 Husbandry
31:20 Heavy Camel Rider
32:10 Bloodlines
32:38 Chain Barding Armor
33:11 Iron Casting
33:16 Town Patrol
37:07 Conscription
37:59 Hoardings
40:05 Plate Barding Armor
43:33 Blast Furnace
45:37 Fletching
45:47 Padded Archer Armor
45:47 Onager
Connection lost

Rejoining the realm…

Still unreachable

The connection could not be restored.

Session expired

The server has moved on; the page needs a fresh start.